 Dungeon Crawl Stone Soup version 0.30-a0-279-g4b46babb21 (webtiles) character file.

Game seed: 6277579554937803364

68168 mandarbmax the Blocker (level 15, -2/68 (72) HPs)
             Began as a Vine Stalker Fighter on Oct 16, 2022.
             Was the Champion of Hepliaklqana.
             Killed by divine providence
             ... invoked by an orc priest
              (11 damage)
             ... on level 2 of the Orcish Mines.
             The game lasted 00:46:49 (17721 turns).

mandarbmax the Blocker (Vine Stalker Fighter)      Turns: 17721, Time: 00:46:49

HP:   -2/68 (72)    AC: 17    Str: 32    XL:     15   Next: 25%
MP:   0/19          EV: 13    Int:  8    God:    Hepliaklqana [******]
Gold: 1404          SH: 20    Dex: 20    Spells: 18/18 levels left

rFire   + . .      SeeInvis .    J - +4 short sword (elec)
rCold   + + +      Faith    .    F - +0 tower shield
rNeg    . . .      Spirit   +    V - +2 chain mail {rF+}
rPois   +          Reflect  .    (no helmet)
rElec   .          Harm     .    O - +2 cloak {rPois}
rCorr   .          Rampage  .    h - +2 pair of gloves
Will    +....                    R - +0 pair of boots of Impatience {rC+++}
Stlth   ++........               q - amulet of regeneration
HPRegen 1.91/turn                U - +6 ring of strength
MPRegen 0.16/turn                c - +6 ring of strength

@: about to teleport, corroded, drained
A: reduced essence, fangs 3, regeneration 1, magic shield, antimagic bite, no
potion heal 2
a: Renounce Religion, Recall Ancestor, Ancestor Identity, Transference, Idealise


You were on level 2 of the Orcish Mines.
You worshipped Hepliaklqana.
Hepliaklqana was exalted by your worship.
You visited 4 branches of the dungeon, and saw 19 of its levels.
You also visited: Volcano.

You collected 1858 gold pieces.
You spent 454 gold pieces at shops.

Inventory:

Hand Weapons
 J - a +4 short sword of electrocution (weapon)
Missiles
 f - 15 poisoned darts (quivered)
 n - 7 silver boomerangs
 r - 4 throwing nets
 s - 11 boomerangs
 v - 4 curare-tipped darts
 H - 9 javelins
Armour
 h - a +2 pair of gloves (worn)
 F - a +0 tower shield (worn)
 O - a +2 cloak of poison resistance (worn)
 R - the +0 pair of boots of Impatience (worn) {rC+++}
   (You bought it in a shop on level 3 of the Dungeon)

   rC:        It renders you almost immune to cold.
 V - a +2 chain mail of fire resistance (worn)
Jewellery
 c - a +6 ring of strength (right hand)
 q - an amulet of regeneration (around neck)
 D - a ring of protection from fire
 S - a ring of magical power
 U - a +6 ring of strength (left hand)
Wands
 j - a wand of mindburst (8)
 u - a wand of roots (10)
 x - a wand of flame (14)
 B - a wand of charming (38)
 C - a wand of digging (8)
 M - a wand of polymorph (7)
Scrolls
 a - a scroll of blinking
 d - a scroll of magic mapping
 g - a scroll of teleportation
 l - 2 scrolls of poison
 m - 5 scrolls of amnesia
 y - 3 scrolls of vulnerability
 P - 2 scrolls of fog
 Q - a scroll of torment
Potions
 e - 3 potions of invisibility
 k - a potion of might
 o - 12 potions of curing
 p - a potion of resistance
 t - 8 potions of attraction
 w - 2 potions of flight
 G - 5 potions of brilliance
 I - a potion of mutation
 K - a potion of haste
 N - a potion of ambrosia


   Skills:
 + Level 10.7 Fighting
 - Level 10.0 Short Blades
 + Level 9.9 Armour
 + Level 9.4 Dodging
 - Level 11.0 Stealth
 - Level 14.0 Shields
 - Level 2.0 Spellcasting
 - Level 4.0 Invocations


You had 18 spell levels left.
You didn't know any spells.
Your spell library contained the following spells:

 Spells                   Type           Power      Damage    Failure   Level
 Apportation              Tloc           0%         N/A       99%         1
 Kiss of Death            Conj/Necr      0%         2d5       99%         1
 Necrotise                Necr           0%         1d4       99%         1
 Summon Small Mammal      Summ           0%         N/A       99%         1
 Blink                    Tloc           0%         N/A       100%        2
 Momentum Strike          Conj/Tloc      0%         3d8       100%        2
 Call Canine Familiar     Summ           0%         N/A       100%        3
 Confusing Touch          Hex            0%         N/A       100%        3
 Gell's Gravitas          Tloc           0%         N/A       100%        3
 Lesser Beckoning         Tloc           0%         N/A       100%        3
 Portal Projectile        Hex/Tloc       0%         N/A       100%        3
 Summon Guardian Golem    Hex/Summ       0%         N/A       100%        3
 Teleport Other           Tloc           0%         N/A       100%        3
 Tukima's Dance           Hex            0%         N/A       100%        3
 Animate Armour           Summ/Erth      0%         N/A       100%        4
 Dispel Undead            Necr           0%         3d6       100%        4
 Alistair's Intoxication  Tmut/Pois      0%         N/A       100%        5
 Blade Hands              Tmut           0%         N/A       100%        5
 Iron Shot                Conj/Erth      0%         9d1       100%        6


Dungeon Overview and Level Annotations

Branches:
Dungeon (11/15)            Temple (1/1) D:6            Lair (5/5) D:11
  Swamp (0/4) Lair:3       Spider (0/4) Lair:2        Slime (0/5) Lair:5
    Orc (2/2) D:10        Volcano (visited)
    Elf: Orc:2

Altars:
Ashenzari
Cheibriados
Dithmenos
Elyvilon
Fedhas
Gozag
Hepliaklqana
Kikubaaqudgha
Makhleb
Nemelex Xobeh
Okawaru
Qazlal
Ru
Sif Muna
Trog
Uskayaw
Vehumet
Wu Jian
Xom
Yredelemnul
Zin
The Shining One
Jiyva

Shops:
D:3 [([**

Annotations:
Lair:5 1 runed translucent door


Innate Abilities, Weirdness & Mutations

Your life essence is reduced to manifest your ancestor. (-10% HP)
You have razor-sharp teeth.
Your natural rate of healing is unusually fast.
When hurt, damage is shared between your health and your magic reserves.
Your bite disrupts and absorbs the magic of your enemies.
Potions cannot restore your health.


Message History

The orc warrior hits you with a +0 dire flail.
The orc sorcerer hits Oma with a +0 dagger.
The orc priest mumbles some strange prayers to Beogh against you.
Beogh smites you!
* * * LOW HITPOINT WARNING * * *
The orc sorcerer mumbles some strange words.
You feel troubled. You block the orc sorcerer's attack.
Unknown command.
Unknown command.
Okay, then.
Aiming: Fastroot
Press: ? - help, Shift-Dir - straight line, f - orc warrior, p - orc sorcerer
Aim: an orc warrior, wielding a +0 dire flail, wearing a +0 plate armour and quivering boomerangs The roots erupt in riotous growth!
Roots grab the orc warrior.
The smoke demon is unaffected.
Roots grab the orc sorcerer.
Roots grab the orc warrior.
Roots grab the orc sorcerer.
Roots grab the orc wizard.
Roots grab the red devil.
Roots grab the sixfirhy.
The grasping roots constrict the orc warrior, but do no damage.
The grasping roots constrict the orc sorcerer. x2
The grasping roots constrict the orc wizard.
The grasping roots constrict the orc warrior, but do no damage.
The grasping roots constrict the sixfirhy.
The grasping roots constrict the red devil.
You hear a shout! x10
The sixfirhy hits you.
* * * LOW HITPOINT WARNING * * *
The sixfirhy shocks you!
* * * LOW HITPOINT WARNING * * *
The sixfirhy closely misses you. You block the sixfirhy's attack.
Oma barely misses the orc sorcerer.
You block the red devil's attack.
The sixfirhy hits you but does no damage.
You block the neqoxec's attack.
The ynoxinul hits Oma but does no damage.
Oma closely misses the ynoxinul.
The orc priest invokes the aid of Beogh against you.
Beogh smites you!
You die...

.<..[....<)).......
.......).).........
...#..........#####
#..##.#.#....## #.
##.(.)..## ##.....#
##.#.).3# #...$4R)#
##<.3@o4# #..3ooo#
##..3o3o..
#....oooo4#
.......o...#
.........#.o#
..........#....
..........# ...


You could see the friendly Oma the hexer, a hellwing (summoned), a rust devil
(summoned), 2 sixfirhies, a smoke demon (summoned), a neqoxec (summoned), a
ynoxinul (summoned, ally target), 3 orc sorcerers, a red devil (summoned,
rooted), 2 orc warriors, 3 orc priests, 3 orc wizards and an orc.

Vanquished Creatures
  2 catoblepae (Lair:5)
  6 hydras
  3 two-headed ogres
  15 death yaks
  Sonja (Lair:1)
  An orc high priest (Orc:2)
  2 skeletal warriors (Volcano)
  A bog body (Lair:3)
  A lindwurm (Lair:4)
  An anaconda skeleton (Volcano)
  An orc knight (D:10)
  2 cyclopes (D:11)
  2 orc sorcerers
  2 manticores (Lair:5)
  Joseph (D:8)
  4 elephants (Lair:1)
  5 black mambas
  A torpor snail (Lair:3)
  16 cane toads
  5 gargoyles (Volcano)
  Maggie (D:9)
  9 komodo dragons
  A tengu conjurer (D:10)
  4 polar bears
  2 trolls
  3 dream sheep (Lair:3)
  A harpy skeleton (Volcano)
  A flying skull (Volcano)
  6 blink frogs
  A shadow (D:8)
  Sigmund (D:3)
  2 wraiths (D:9)
  A spriggan (Lair:4)
  6 wyverns
  An alligator skeleton (Volcano)
  54 yaks
  A steam dragon (D:7)
  4 vampire mosquitoes (D:11)
  3 basilisks
  A warg (Orc:2)
  9 water moccasins
  2 black bears
  10 orc warriors
  An ice beast (D:7)
  3 ogres
  9 centaurs
  14 wolves
  A phantom (D:5)
  2 bullfrogs
  A kobold brigand (D:8)
  2 scorpions
  2 necrophages
  A water moccasin zombie (D:5)
  4 wights (D:7)
  A water moccasin skeleton (D:5)
  16 killer bees
  2 troll skeletons (Volcano)
  A howler monkey (D:6)
  3 spriggan skeletons (Volcano)
  A centaur zombie (D:5)
  2 jellies
  A gnoll bouda (D:9)
  3 hounds
  17 orc priests
  Ijyb (D:3)
  A bullfrog skeleton (D:5)
  14 orc wizards
  Natasha (thrice) (D:4)
  16 iguanas
  A killer bee zombie (D:5)
  A naga skeleton (Volcano)
  2 hound zombies (D:5)
  10 adders
  10 gnolls
  A shadow imp (D:6)
  4 white imps
  An adder zombie (D:5)
  2 worms (D:5)
  4 dart slugs (D:1)
  60 orcs
  12 ball pythons
  7 endoplasms
  3 giant cockroaches
  3 goblins
  11 hobgoblins
  2 jackals (D:2)
  4 quokkas
  9 bats
  14 frilled lizards
  6 kobolds
  7 rats
492 creatures vanquished.

Vanquished Creatures (collateral kills)
  Fannar (Orc:1)
  A hydra (Lair:2)
  A catoblepas (Lair:5)
  A centaur warrior (D:11)
  3 death yaks
  A boulder beetle (Lair:3)
  3 orc sorcerers (Orc:2)
  3 cane toads (Lair:2)
  5 komodo dragons
  A rime drake (Lair:5)
  A troll (D:11)
  2 blink frogs (Lair:3)
  A dream sheep (Lair:3)
  2 flying skulls (Volcano)
  An alligator skeleton (Volcano)
  6 yaks
  Grum (D:11)
  2 basilisks
  An acid dragon (D:11)
  A water moccasin (D:9)
  An orc warrior (Orc:1)
  2 ice beasts
  An ogre (Orc:2)
  8 wolves
  A centaur (D:11)
  2 bullfrogs
  2 killer bees
  A spriggan skeleton (Volcano)
  An electric eel (Lair:1)
  3 howler monkeys (D:10)
  3 orc priests
  5 iguanas (Lair:1)
  7 orc wizards
  2 gnolls (D:9)
  8 orcs
  A frilled lizard (Lair:1)
  2 butterflies (Lair:2)
88 creatures vanquished.

Vanquished Creatures (others)
  13 hexers
  2 orc priests (Orc:2)
  An ancestor (D:8)
  12 fungi
  32 plants
  A withered plant (D:5)
61 creatures vanquished.

Grand Total: 641 creatures vanquished

Notes
Turn   | Place    | Note
-------+----------+-------------------------------------------
     0 | D:1      | mandarbmax the Vine Stalker Fighter began the quest for the
                  | Orb.
     0 | D:1      | Reached XP level 1. HP: 11/11 MP: 2/2
   136 | D:1      | Reached XP level 2. HP: 16/16 MP: 3/3
   477 | D:1      | Reached skill level 3 in Shields
   477 | D:1      | Reached XP level 3. HP: 20/20 MP: 4/4
  1260 | D:2      | HP: 1/20 [adder (2)]
  1373 | D:2      | Gained mutation: Your natural rate of healing is unusually
                  | fast. [Vine Stalker growth]
  1373 | D:2      | Reached XP level 4. HP: 20/24 MP: 5/5
  1789 | D:3      | Found Qiyschar's Assorted Antiques.
  1815 | D:3      | Noticed Ijyb
  1838 | D:3      | Killed Ijyb
  1839 | D:3      | Reached XP level 5. HP: 28/28 MP: 6/6
  1874 | D:3      | Found Ivvelug's Weapon Emporium.
  1946 | D:3      | Found the +7 staff of the Meek {protect, meekguard}
  2057 | D:3      | Found Vugu's Antique Armour Emporium.
  2058 | D:3      | You fall into a shaft and drop 2 floors!
  2058 | D:5      | Entered Level 5 of the Dungeon
  2070 | D:5      | Noticed a phantom
  2085 | D:5      | Killed a phantom
  2086 | D:5      | Reached XP level 6. HP: 32/32 MP: 7/7
  2102 | D:5      | Reached skill level 5 in Short Blades
  2518 | D:4      | Noticed Natasha
  2525 | D:4      | Killed Natasha
  2526 | D:4      | Reached XP level 7. HP: 36/36 MP: 8/8
  2716 | D:3      | Found Dosh's General Store.
  2739 | D:3      | Bought a +0 pair of boots for 58 gold pieces
  2786 | D:3      | Found Uvued's Armour Emporium.
  2786 | D:3      | Noticed Sigmund
  2823 | D:3      | Killed Sigmund
  3082 | D:4      | Noticed Natasha
  3090 | D:4      | Killed Natasha
  3356 | D:4      | Identified the +3 flail of Leapad Jaqywn {elec, rPois rN++
                  | Str+3 Dex-5}
  3894 | D:4      | Noticed Natasha
  3902 | D:4      | Killed Natasha
  3951 | D:5      | Gained mutation: You have razor-sharp teeth. [Vine Stalker
                  | growth]
  3951 | D:5      | Reached XP level 8. HP: 39/40 MP: 7/10
  3953 | D:5      | Reached skill level 1 in Spellcasting
  4720 | D:6      | Found a staircase to the Ecumenical Temple.
  4896 | Temple   | Entered the Ecumenical Temple
  5159 | Temple   | Became a worshipper of Hepliaklqana the Forgotten
  5681 | D:6      | Reached XP level 9. HP: 42/44 MP: 11/13
  6053 | D:6      | Reached skill level 10 in Short Blades
  6140 | D:3      | Bought a shiny scale mail for 168 gold pieces
  6242 | D:7      | Reached skill level 4 in Shields
  6257 | D:7      | Reached skill level 1 in Invocations
  6419 | D:7      | Reached skill level 5 in Shields
  6489 | D:7      | Reached * piety under Hepliaklqana
  6759 | D:7      | Reached skill level 6 in Shields
  7322 | D:8      | Reached skill level 7 in Shields
  7326 | D:8      | Reached skill level 8 in Shields
  7335 | D:8      | Reached skill level 9 in Shields
  7335 | D:8      | Reached XP level 10. HP: 36/44 MP: 14/14
  7338 | D:8      | Reached skill level 10 in Shields
  7526 | D:8      | Reached skill level 11 in Shields
  7583 | D:8      | Noticed Joseph
  7603 | D:8      | Killed Joseph
  7863 | D:9      | Identified the +0 leather armour "Nuohus" {Dex+4 SInv}
  7892 | D:9      | Found a broken altar of Ashenzari.
  7939 | D:9      | Noticed Maggie
  7982 | D:9      | Killed Maggie
  7985 | D:9      | Reached ** piety under Hepliaklqana
  7986 | D:9      | Remembered your ancestor Oma as a hexer
  8039 | D:9      | Reached skill level 12 in Shields
  8322 | D:9      | Noticed a two-headed ogre
  8336 | D:9      | Killed a two-headed ogre
  8383 | D:9      | Reached skill level 13 in Shields
  8493 | D:9      | Reached XP level 11. HP: 30/46 MP: 8/15
  8881 | D:10     | Entered Level 10 of the Dungeon
  9005 | D:10     | Identified the +3 leather armour of Distant Worlds {Int+4
                  | Slay+2}
  9066 | D:10     | Reached skill level 1 in Stealth
  9235 | D:10     | Reached *** piety under Hepliaklqana
  9255 | D:10     | Reached skill level 1 in Dodging
  9275 | D:10     | Found a staircase to the Orcish Mines.
  9276 | D:10     | Noticed an orc knight
  9502 | D:10     | Killed an orc knight
  9959 | D:11     | Noticed a cyclops
  9972 | D:11     | Killed a cyclops
 10199 | D:3      | Bought a pair of fine boots for 228 gold pieces
 10199 | D:3      | Identified the +0 pair of boots of Impatience {rC+++} (You
                  | bought it in a shop on level 3 of the Dungeon)
 10488 | D:11     | Noticed a centaur warrior
 10503 | D:11     | Killed a centaur warrior
 10769 | D:11     | Noticed Grum
 10782 | D:11     | Killed Grum
 10783 | D:11     | Reached skill level 5 in Stealth
 10783 | D:11     | Reached XP level 12. HP: 45/52 MP: 16/16
 10810 | D:11     | Reached skill level 14 in Shields
 10886 | D:11     | Reached skill level 5 in Fighting
 10963 | D:11     | Found a staircase to the Lair.
 11338 | Lair:1   | Entered Level 1 of the Lair of Beasts
 11608 | Lair:1   | Reached **** piety under Hepliaklqana
 11624 | Lair:1   | Reached skill level 5 in Armour
 11938 | Lair:1   | Noticed Sonja
 11946 | Lair:1   | Killed Sonja
 12221 | Lair:1   | Reached skill level 5 in Dodging
 12558 | Lair:2   | Found a hole to the Spider Nest.
 12815 | Lair:2   | Reached XP level 13. HP: 59/59 MP: 17/17
 12854 | Lair:2   | Reached ***** piety under Hepliaklqana
 12966 | Lair:2   | Found a dark tunnel.
 12973 | Volcano  | Entered a volcano
 14019 | Lair:3   | Found a staircase to the Swamp.
 14203 | Lair:3   | Reached skill level 10 in Stealth
 15143 | Lair:4   | Reached XP level 14. HP: 63/66 MP: 18/18
 15822 | Lair:5   | Entered Level 5 of the Lair of Beasts
 16081 | Lair:5   | HP: 2/67 [seven-headed hydra (6)]
 16368 | Lair:5   | Reached skill level 10 in Fighting
 16627 | Lair:5   | Identified the +4 war axe "Jymaytemn" {vorpal, rElec Int+4
                  | Dex+3}
 16692 | Lair:5   | Found a runed translucent door.
 16692 | Lair:5   | Found a viscous altar of Jiyva.
 16692 | Lair:5   | Noticed an acid blob
 16694 | Lair:5   | Found a staircase to the Slime Pits.
 16694 | Lair:5   | Noticed an acid blob
 16768 | Lair:5   | Reached XP level 15. HP: 72/72 MP: 19/19
 17267 | Orc:1    | Entered Level 1 of the Orcish Mines
 17299 | Orc:1    | Paralysed by an orc sorcerer for 5 turns
 17303 | Orc:1    | Noticed Fannar
 17316 | Orc:1    | Killed Fannar
 17325 | Orc:1    | Reached ****** piety under Hepliaklqana
 17572 | Orc:2    | Entered Level 2 of the Orcish Mines
 17721 | Orc:2    | Killed from afar by an orc priest

Illustrated notes

Levels and vault maps discovered:
D:1:      dpeg_arrival_short_road, layout_basic, st_stairs_14
D:2:      layout_rooms
D:3:      layout_loops_ring, serial_shops, nicolae_shop_stone, shop,
          nicolae_diamond_shop, shop, shop, pf_guarded_unrand_meek,
          uniq_sigmund, uniq_ijyb
D:4:      layout_layer_cave, hangedman_decor_growths, uniq_natasha
D:5:      layout_gridville, serial_undead, serial_undead_c, serial_undead_a,
          serial_undead_d, serial_undead_e, portal_sewer_entry_a
D:6:      minmay_spotlight, layout_loops_ring,
          minmay_temple_entry_enclosed_plants, kennysheep_generic_room_11
D:7:      layout_gridville
D:8:      layout_rooms, eino_jars, uniq_joseph
D:9:      layout_gridville, mainiacjoe_overflow_alcove_2, grunt_ministairs_8,
          uniq_maggie
D:10:     layout_stronghold, david_orc_5
D:11:     layout_basic, erik_lair_dragon, uniq_grum
Temple:   mainiacjoe_temple_starburst
Lair:1:   lemuel_reptile_caves, layout_small_grid, uniq_sonja
Lair:2:   layout_regular_city, dummy_spider_entry, enter_volcano_2,
          serial_bayou_shore_b, lemuel_fruit_fields
Lair:3:   layout_roguey, skrybe_swamp_entry_bodies,
          grunt_forest_large_clearing_hut, lemuel_fruit_tree
Lair:4:   layout_gridlike, forest_entry_grove, grunt_megastairs_3,
          infiniplex_staircase_pool_2, serial_bayou_shore_b
Lair:5:   evilmike_catoblepas_cave, layout_cave_pods, slime_entry_2,
          grunt_megastairs_4
Orc:1:    layout_caves, basic_altar, uniq_fannar
Orc:2:    st_orc_mages, layout_caves

Skill      XL: |  1  2  3  4  5  6  7  8  9 10 11 12 13 14 15 |
---------------+----------------------------------------------+-----
Short Blades   | 2 3 4 6 7 9 10 | 10.0
Fighting       | 3 4 6 8 10 | 10.7
Shields        | 3 9 13 14 | 14.0
Armour         | 3 4 6 7 9 |  9.9
Spellcasting   | 2 |  2.0
Invocations    | 4 |  4.0
Stealth        | 5 8 10 11 | 11.0
Dodging        | 3 5 7 8 9 |  9.4

Action                   |  1- 3 |  4- 6 |  7- 9 | 10-12 | 13-15 || total
-------------------------+-------+-------+-------+-------+-------++-------
Melee: Rapier            |    92 |   142 |       |       |       ||   234
       Bite              |    31 |    50 |   132 |   270 |   398 ||   881
       Short sword       |       |    33 |   122 |   724 |   813 ||  1692
       Dagger            |       |       |   330 |     3 |       ||   333
Throw: Dart              |       |       |    16 |    20 |    27 ||    63
       Boomerang         |       |       |       |       |     2 ||     2
       Javelin           |       |       |       |       |     1 ||     1
Invok: Recall Ancestor   |       |       |       |     2 |     1 ||     3
       Ancestor Life: He |       |       |       |     1 |       ||     1
Evoke: Wand              |       |       |     1 |     2 |     7 ||    10
  Use: Scroll            |     1 |     2 |     3 |    10 |    22 ||    38
       Potion            |     1 |       |     4 |     1 |     5 ||    11
 Stab: Confused          |       |       |       |    19 |    12 ||    31
       Distracted        |       |       |       |     8 |     6 ||    14
       Sleeping          |       |       |       |     1 |     1 ||     2
       Invisible         |       |       |       |       |     5 ||     5
       Paralysed         |       |       |       |       |    10 ||    10
Armor: Scale mail        |    46 |    73 |   155 |    51 |       ||   325
       Swamp dragon scal |       |       |       |    96 |    20 ||   116
       Chain mail        |       |       |       |       |   192 ||   192
Dodge: Dodged            |    48 |    57 |   111 |   158 |   174 ||   548
Block: Buckler           |    28 |    33 |    65 |    81 |       ||   207
       Tower shield      |       |       |       |   306 |   638 ||   944

Table legend: (Time is in decaauts)
 A = Elapsed time spent in this place.
 B = Non-inter-level travel time spent in this place.
 C = Inter-level travel time spent in this place.
 D = Time resting spent in this place.
 E = Time spent auto-exploring this place.
 F = Levels seen in this place.
 G = Mean time per level.
                   A        B        C        D        E       F      G
               +--------+--------+--------+--------+--------+-----+--------+
         Total |  17140 |  15667 |   1473 |    461 |  11353 |  20 |  857.0 |
       Dungeon |  10532 |   9381 |   1151 |    299 |   6906 |  11 |  957.5 |
        Temple |    579 |    531 |     48 |      0 |    500 |   1 |  579.0 |
          Lair |   5174 |   4915 |    259 |    125 |   3555 |   5 | 1034.8 |
  Orcish Mines |    425 |    412 |     13 |     14 |    235 |   2 |  212.5 |
       Volcano |    428 |    428 |      0 |     23 |    156 |   1 |  428.0 |
               +--------+--------+--------+--------+--------+-----+--------+

Top non-repeatable levels by time:
     D:4: 1303 daAuts
     D:1: 1242 daAuts
  Lair:1: 1180 daAuts
  Lair:5: 1163 daAuts
    D:10: 1147 daAuts
  Lair:4: 1129 daAuts
     D:6: 1092 daAuts
     D:7: 1035 daAuts
     D:9: 1032 daAuts
    D:11: 969 daAuts
     D:3: 871 daAuts
  Lair:2: 871 daAuts
  Lair:3: 829 daAuts
     D:5: 684 daAuts
     D:8: 605 daAuts
